 Dungeon Crawl Stone Soup version 0.27-a0-1529-g1e82c303ef (webtiles) character file.

Game seed: 1380146275466659251

46 Demosthentine the Poker (level 3, -32/28 HPs)
             Began as a Merfolk Gladiator on July 11, 2021.
             Annihilated by an ogre (35 damage)
             ... on level 2 of the Dungeon.
             The game lasted 00:00:42 (1120 turns).

Demosthentine the Poker (Merfolk Gladiator)         Turns: 1120, Time: 00:00:43

Health: -32/28     AC:  4    Str: 15    XL:     3   Next: 68%
Magic:  3/3        EV: 13    Int:  7    God:
Gold:   26         SH:  0    Dex: 15    Spells: 2/2 levels left

rFire    . . .     SeeInvis .   a - +0 trident
rCold    . . .     Faith    .   (no shield)
rNeg     . . .     Spirit   .   b - +0 leather armour
rPois    .         Reflect  .   c - +0 helmet
rElec    .         Harm     .   (no cloak)
rCorr    .         Rampage  .   (no gloves)
Will     .....                  (no boots)
Stlth    +.........             (no amulet)
HPRegen  0.09/turn              (no ring)
MPRegen  0.08/turn              (no ring)

@: no status effects
A: (nimble swimmer 2), mertail
a: no special abilities


You were on level 2 of the Dungeon.
You visited 1 branch of the dungeon, and saw 2 of its levels.

You collected 26 gold pieces.

Inventory:

Hand Weapons
 a - a +0 trident (weapon)
Armour
 b - a +0 leather armour (worn)
 c - a +0 helmet (worn)
Scrolls
 e - a scroll of torment {unknown}
 f - a scroll of fear {unknown}


   Skills:
 + Level 2.8 Fighting
 + Level 5.0 Polearms
 - Level 2.0 Throwing
 + Level 1.0 Armour
 + Level 4.7 Dodging


You had 2 spell levels left.
You didn't know any spells.
Your spell library contained the following spells:

 Spells                   Type           Power      Damage    Failure   Level
 Corona                   Hex            0%         N/A       50%         1
 Ensorcelled Hibernation  Hex/Ice        0%         N/A       65%         2
 Tukima's Dance           Hex            0%         N/A       86%         3


Dungeon Overview and Level Annotations

Branches:
Dungeon (2/15)

Altars:


Innate Abilities, Weirdness & Mutations

((You are quick and stealthy near water. (Stealth+, EV+, Speed+++)))
Your lower body shifts to a powerful aquatic tail in water.


Message History

You hit the ogre but do no damage.
The ogre hits you with a +0 giant spiked club!!
Ouch! That really hurt!
* * * LOW HITPOINT WARNING * * *
An ogre is nearby!
An ogre is nearby!
You are too injured to fight recklessly!
Throw: 2 throwing nets
Press: ? - help, Q - select action Shift-Dir - straight line, f - ogre
Aim: an ogre, wielding a +0 giant spiked club (75% to hit)
You throw a throwing net.
The throwing net barely misses the ogre.
The ogre closely misses you.
Throw: throwing net
Press: ? - help, Q - select action Shift-Dir - straight line, f/p - ogre
Aim: an ogre, wielding a +0 giant spiked club (75% to hit)
You throw a throwing net. The throwing net hits the ogre.
The ogre is caught in the net!
Unknown command.
You puncture the ogre!
The ogre is moderately wounded.
The ogre struggles against the net. x2
You catch the helpless ogre completely off-guard!
You hit the ogre.
The ogre is heavily wounded.
You puncture the ogre!
The ogre is severely wounded.
The ogre struggles against the net.
You hit the ogre.
The ogre is almost dead.
The ogre struggles against the net.
You catch the helpless ogre completely off-guard!
You hit the ogre but do no damage.
The ogre is almost dead.
The ogre struggles against the net.
The net rips apart, and the ogre comes free!
Unknown command.
The ogre hits you with a +0 giant spiked club!!
Ouch! That really hurt!
You die...

#.#.#.#
#####.....####
#......#.....
#.#.##.....#
##....##.#..####
....<...†......#
##....##†##.##.#
#.#.###.##.##.####
................@.#
..(.#.##.##.##.##O#
#..#
#.#.##.##.#.....#
#..
##.............#
... #.............#
.. ..###......# #.
## ##...#.# ##.##.#
#(# ..


You could see an ogre.

Vanquished Creatures
  An adder (D:2)
  A gnoll (D:1)
  An endoplasm (D:1)
  2 giant cockroaches
  2 goblins (D:1)
  3 hobgoblins (D:1)
  2 jackals (D:1)
  3 quokkas (D:1)
  3 ball pythons
  2 bats (D:1)
  2 kobolds (D:1)
  3 rats (D:1)
25 creatures vanquished.

Notes
Turn   | Place    | Note
-------+----------+-------------------------------------------
     0 | D:1      | Demosthentine the Merfolk Gladiator began the quest for the
                  | Orb.
     0 | D:1      | Reached XP level 1. HP: 16/16 MP: 1/1
    79 | D:1      | Reached XP level 2. HP: 23/23 MP: 2/2
   116 | D:1      | Found a faded altar of an unknown god.
   418 | D:1      | Reached XP level 3. HP: 6/28 MP: 3/3
   957 | D:2      | Reached skill level 5 in Polearms
   957 | D:2      | Reached skill level 1 in Armour
  1110 | D:2      | Noticed an ogre
  1120 | D:2      | Annihilated by an ogre

Illustrated notes

Levels and vault maps discovered:
D:1:      lightli_arrival_boilingwater, layout_loops_ring,
          ebering_ecumenical_altar_hall
D:2:      layout_loops_ring, uniq_crazy_yiuf_cottage

Skill      XL: |  1  2  3 |
---------------+----------+-----
Polearms       | 5 |  5.0
Armour         | 1 |  1.0
Fighting       | |  2.8
Throwing       | |  2.0
Dodging        | |  4.7

Action                   || total
-------------------------++-------
Melee: Trident           ||    72
Throw: Throwing net      ||     3
  Use: Scroll            ||     1
 Stab: Sleeping          ||     4
       Held in net/web   ||     2
       Distracted        ||     1
Armor: Leather armour    ||    17
Dodge: Dodged            ||    35

Table legend: (Time is in decaauts)
 A = Elapsed time spent in this place.
 B = Non-inter-level travel time spent in this place.
 C = Inter-level travel time spent in this place.
 D = Time resting spent in this place.
 E = Time spent auto-exploring this place.
 F = Levels seen in this place.
 G = Mean time per level.
                   A        B        C        D        E       F      G
               +--------+--------+--------+--------+--------+-----+--------+
         Total |   1117 |   1077 |     40 |      0 |    927 |   2 |  558.5 |
       Dungeon |   1117 |   1077 |     40 |      0 |    927 |   2 |  558.5 |
               +--------+--------+--------+--------+--------+-----+--------+

Top non-repeatable levels by time:
     D:1: 943 daAuts
     D:2: 174 daAuts
